 Dungeon Crawl Stone Soup version 0.22-a0-565-gfc6459a524 (webtiles) character file.

233 PikkenKukken the Skirmisher (level 5, -3/42 HPs)
             Began as a Demonspawn Fighter on June 28, 2018.
             Slain by an orc warrior
             ... wielding a +0 scimitar
              (11 damage)
             ... on level 3 of the Dungeon.
             The game lasted 00:05:11 (2473 turns).

PikkenKukken the Skirmisher (Demonspawn Fighter)    Turns: 2473, Time: 00:05:12

Health: -3/42      AC:  7    Str: 16    XL:     5   Next: 75%
Magic:  5/5        EV: 15    Int: 10    God:
Gold:   176        SH:  0    Dex: 18    Spells: 4/4 levels left

rFire    . . .     SeeInvis .   a - +1 war axe
rCold    . . .     Gourm    .   (no shield)
rNeg     . . .     Faith    .   b - +0 scale mail
rPois    .         Spirit   .   (helmet restricted)
rElec    .         Reflect  .   (no cloak)
rCorr    .         Harm     .   (no gloves)
MR       .....                  (no boots)
Stlth    ..........             (no amulet)
HPRegen  0.14/turn              h - ring of loudness
MPRegen  0.09/turn              j - ring of flight

@: agile
A: horns 1, spiny 2
a: Evoke Flight


You were on level 3 of the Dungeon.
You were not hungry.

You visited 1 branch of the dungeon, and saw 3 of its levels.

You collected 176 gold pieces.

Inventory:

Hand Weapons
 a - a +1 war axe (weapon)
Missiles
 k - 38 bolts
Armour
 b - a +0 scale mail (worn)
Jewellery
 h - a ring of loudness (left hand)
 j - a ring of flight (right hand)
Scrolls
 l - a scroll of identify
 o - 2 scrolls of remove curse
Potions
 c - a potion of agility
 d - a potion of might
 i - 2 potions of flight
 n - a potion of invisibility {unknown}
Comestibles
 f - 6 rations
 g - 5 chunks of flesh


   Skills:
 + Level 4.1 Fighting
 + Level 3.0 Axes
 + Level 3.8 Armour
 + Level 2.3 Dodging
   Level 2.6 Shields


You had 4 spell levels left.
You didn't know any spells.
Your spell library was empty.

Dungeon Overview and Level Annotations

Branches:
Dungeon (3/15)

Altars:


Innate Abilities, Weirdness & Mutations

You have a pair of small horns on your head.
You are mostly covered in sharp spines.


Message History

The kobold throws a stone.
The stone hits you but does no damage.
The orc warrior hits you with a scimitar.
Unknown command.
The kobold hits you with a short sword.
* * * LOW HITPOINT WARNING * * *
The orc warrior closely misses you.
Items here: ) [[ † a trident; a scale mail; a buckler; a gnoll corpse You closely miss the orc warrior.
The orc warrior is heavily wounded.
You hit the kobold but do no damage. The kobold misses you.
The orc warrior hits you with a scimitar.
* * * LOW HITPOINT WARNING * * *
The kobold is struck by your spines.
You kill the kobold!
You slash the orc warrior!
You headbutt the orc warrior, but do no damage.
The orc warrior is almost dead.
The orc warrior hits you with a scimitar!
You die...

..# ..# ..#
#######.#
.o..w.#.#
g[r...'.# #.# ..
##)# #. .. #@o# ..
#. #(## ###
#.#######.# ..##
#..#...#..#
.#.#####..##.##..#
###........#'#...#
.#..#####......#.#
#.#.### #........#
#.....# #.########


You could see an orc warrior.

Vanquished Creatures
  A gnoll sergeant (D:3)
  Jessica (D:2)
  3 adders
  2 oozes (D:2)
  3 worms (D:3)
  6 dart slugs
  6 leopard geckos
  An orc (D:3)
  A ball python (D:3)
  A giant cockroach (D:1)
  11 goblins
  8 hobgoblins
  6 jackals
  7 bats
  3 frilled lizards
  16 kobolds
  6 rats
82 creatures vanquished.

Notes
Turn   | Place    | Note
-------+----------+-------------------------------------------
     0 | D:1      | PikkenKukken the Demonspawn Fighter began the quest for the Orb.
     0 | D:1      | Reached XP level 1. HP: 18/18 MP: 1/1
   338 | D:1      | Gained mutation: You are partially covered in sharp spines. [demonic ancestry]
   338 | D:1      | Reached XP level 2. HP: 20/24 MP: 2/2
   527 | D:1      | Reached skill level 1 in Dodging
   532 | D:1      | Gained mutation: You are mostly covered in sharp spines. [demonic ancestry]
   532 | D:1      | Reached XP level 3. HP: 21/29 MP: 3/3
  1090 | D:1      | Reached XP level 4. HP: 25/35 MP: 4/4
  1710 | D:2      | Noticed Jessica
  1714 | D:2      | Killed Jessica
  1917 | D:2      | Gained mutation: You have a pair of small horns on your head. [demonic ancestry]
  1917 | D:2      | Reached XP level 5. HP: 22/42 MP: 5/5
  2449 | D:3      | Noticed an orc warrior
  2469 | D:3      | Reached skill level 4 in Fighting
  2473 | D:3      | Slain by an orc warrior

Vault maps used:
D:1:      doesnt_arrival_eight_statues
D:2:      minmay_wonky_spiral, first_ration, minmay_misc_feat_enclosed,
          uniq_jessica
D:3:      minmay_divided_ellipse

Skill      XL: |  1  2  3  4  5 |
---------------+----------------+-----
Axes           | 2 3 |  3.0
Armour         | 3 |  3.8
Dodging        | 1 2 |  2.3
Fighting       | 4 |  4.1
Shields        | |  2.6

Action                   |  1- 3 |  4- 6 || total
-------------------------+-------+-------++-------
Melee: War axe           |    62 |    68 ||   130
       Headbutt          |       |     5 ||     5
  Use: Scroll            |     1 |     6 ||     7
       Potion            |       |     3 ||     3
  Eat: Chunk             |     1 |     4 ||     5
Armor: Scale mail        |    33 |    18 ||    51
Dodge: Dodged            |    35 |    42 ||    77

Table legend:
 A = Spawn XP
 B = Non-spawn XP
 C = Spawn XP percentage of total XP
 D = Spawn monster count
 E = Non-spawn monster count
 F = Spawn count percentage of total count
 G = Total turns spent on level
                    A         B        C        D         E        F      G
               +---------+---------+-------+---------+---------+-------+---------
         Total |       0 |     334 |   0.0 |       0 |      82 |   0.0 |  2473
               +---------+---------+-------+---------+---------+-------+---------
           D:1 |       0 |      95 |   0.0 |       0 |      35 |   0.0 |  1193
           D:2 |       0 |      92 |   0.0 |       0 |      25 |   0.0 |   799
           D:3 |       0 |     147 |   0.0 |       0 |      22 |   0.0 |   481
               +---------+---------+-------+---------+---------+-------+---------
